[Event "Titled Tuesday Blitz December 27 Early 2022"]
[White "Hartikainen, Jarmo"]
[Black "Garcia Almaguer, Juan Manuel"]
[WhiteFideId "503134"]
[BlackFideId "5110491"]
[WhiteElo "2108"]
[BlackElo "2090"]
[Result "1-0"]
[Round "07"]
[TimeControl "180+2"]
[Date "2022.12.27"]
[WhiteClock "0:00:42"]
[BlackClock "0:00:13"]

1. e4 e5 2. Nf3 Nc6 3. Bc4 Nf6 4. d3 h6 5. O-O d6 6. h3 g5 7. Nh2 Na5 8. Bb3 Nxb3 9. axb3 Rg8 10. g4 d5 11. exd5 Qxd5 12. Qf3 Qe6 13. Nc3 h5 14. Ne4 Be7 15. Bd2 hxg4 16. Nxf6+ Bxf6 17. Nxg4 Be7 18. Rfe1 f6 19. d4 Bd7 20. d5 Qd6 21. c4 a6 22. c5 Qxc5 23. Nxf6+ Bxf6 24. Qxf6 Bxh3 25. Rxe5+ Kd7 26. Qf7+ Kd6 27. Qe7# 1-0


[Site "https://www.chess.com"]

[Event "Titled Tuesday Blitz December 27 Early 2022"]
[White "Hasangatin, Ramil"]
[Black "Graca, Robert"]
[WhiteFideId "4122160"]
[BlackFideId "644943"]
[WhiteElo "2457"]
[BlackElo "2270"]
[Result "1-0"]
[Round "07"]
[TimeControl "180+2"]
[Date "2022.12.27"]
[WhiteClock "0:00:32"]
[BlackClock "0:00:01"]

1. e4 c5 2. Nf3 d6 3. d4 cxd4 4. Qxd4 Nc6 5. Bb5 Bd7 6. Bxc6 Bxc6 7. Nc3 Nf6 8. Bg5 e6 9. O-O-O Be7 10. Rhe1 O-O 11. Qd2 h6 12. Bf4 e5 13. Bg3 Re8 14. Bh4 Qb6 15. Bxf6 Bxf6 16. Re2 Red8 17. Kb1 Rac8 18. Nd5 Bxd5 19. Qxd5 Rc5 20. Qd3 d5 21. Red2 Rb5 22. c3 dxe4 23. Qxe4 Rxb2+ 24. Rxb2 Rxd1+ 25. Kc2 Qd8 26. Qe2 e4 27. Qxd1 Qxd1+ 28. Kxd1 exf3 29. gxf3 Bxc3 30. Rxb7 Bd4 31. Ke2 g6 32. f4 Kg7 33. f3 Kf6 34. Rd7 Bg1 35. Kf1 Be3 36. Ke2 Bg1 37. h3 Bb6 38. Rd5 Ke6 39. Rb5 Bg1 40. Kd3 Bh2 41. Ra5 Bg1 42. Ke4 Kf6 43. Rd5 Ke6 44. Re5+ Kf6 45. f5 g5 46. Rd5 Bb6 47. Rd6+ Kg7 48. Kd5 Bg1 49. Kc6 Bh2 50. Rd2 Bg1 51. Kd5 Kf6 52. Ke4 Bb6 53. Rc2 h5 54. a3 Bg1 55. Rc6+ Kg7 56. a4 f6 57. Kd5 1-0


[Site "https://www.chess.com"]

[Event "Titled Tuesday Blitz December 27 Early 2022"]
[White "Iljin, Timofey"]
[Black "Legenia, Artem"]
[WhiteFideId "14110180"]
[BlackFideId "14136945"]
[WhiteElo "2329"]
[BlackElo "2092"]
[Result "0-1"]
[Round "07"]
[TimeControl "180+2"]
[Date "2022.12.27"]
[WhiteClock "0:00:03"]
[BlackClock "0:00:20"]

1. e4 c5 2. c3 e6 3. d4 cxd4 4. cxd4 Nf6 5. Nd2 d5 6. Bd3 dxe4 7. Nxe4 Nc6 8. Nf3 Bb4+ 9. Nc3 O-O 10. O-O h6 11. Bc2 b6 12. Re1 Bb7 13. a3 Be7 14. Qd3 Rc8 15. h3 Qd7 16. Be3 Rfd8 17. Rad1 Bf8 18. Ne4 Nxe4 19. Qxe4 g6 20. Qh4 h5 21. Be4 Ne7 22. Bxb7 Qxb7 23. Ne5 Nf5 24. Qf4 Bh6 25. Qf3 Qxf3 26. Nxf3 Nxe3 27. fxe3 Rc2 28. Rd2 Rdc8 29. b4 Rxd2 30. Nxd2 Rc3 31. Kf2 Rxa3 32. Nc4 Rc3 33. Ne5 b5 34. Nd7 Rb3 35. Nf6+ Kg7 36. Ne4 Rxb4 37. Nc5 Rb2+ 38. Kf3 a5 39. e4 a4 40. Ra1 Rd2 41. Rb1 Rxd4 42. Rxb5 Rc4 43. Ra5 a3 44. Nd7 Rc3+ 45. Ke2 Bc1 46. e5 Bb2 47. Nf6 Rc2+ 48. Kd3 Rxg2 49. Ne8+ Kf8 50. Ra8 Bxe5 51. Nd6+ Ke7 52. Nc4 Bb2 53. Ra7+ Kf6 54. Nd6 Rg3+ 55. Kc2 Rxh3 56. Rxf7+ Ke5 57. Nc4+ Kd4 58. Na5 Rh2+ 59. Kb1 a2+ 60. Kxa2 Bc3+ 61. Kb3 Bxa5 62. Rd7+ Ke4 63. Kc4 Rc2+ 64. Kb5 Bd2 65. Rg7 Kf5 66. Rf7+ Kg5 67. Re7 Kf5 68. Re8 h4 69. Rf8+ Kg5 70. Re8 h3 71. Rxe6 h2 72. Ka4 h1=Q 73. Kb3 Qd5+ 74. Ka3 Qxe6 75. Ka4 Qc4+ 76. Ka3 Rc3+ 77. Kb2 Qb4+ 78. Ka1 Ra3# 0-1


[Site "https://www.chess.com"]

[Event "Titled Tuesday Blitz December 27 Early 2022"]
[White "Iskusnyh, Sergei"]
[Black "Abdilkhair, Abilmansur"]
[WhiteFideId "4120027"]
[BlackFideId "13716417"]
[WhiteElo "2440"]
[BlackElo "2268"]
[Result "1/2-1/2"]
[Round "07"]
[TimeControl "180+2"]
[Date "2022.12.27"]
[WhiteClock "0:01:39"]
[BlackClock "0:02:00"]

1. d4 Nf6 2. c4 e6 3. g3 Bb4+ 4. Bd2 a5 5. Bg2 O-O 6. Nf3 d5 7. Qc2 Nc6 8. a3 Bd6 9. O-O dxc4 10. Qxc4 e5 11. dxe5 Nxe5 12. Nxe5 Bxe5 13. Bc3 Qe7 14. Bxe5 Qxe5 15. Nc3 c6 16. Qf4 Qxf4 17. gxf4 Be6 18. Rfd1 Bb3 19. Rd3 Rad8 20. Ne4 Nxe4 21. Rxb3 Nc5 22. Rc3 Na4 23. Rb3 Nc5 24. Rc3 Na4 25. Rb3 Nc5 1/2-1/2


[Site "https://www.chess.com"]

[Event "Titled Tuesday Blitz December 27 Early 2022"]
[White "Itgelt, Khuyagtsogt"]
[Black "Stork, Oliver"]
[WhiteFideId "4902912"]
[BlackFideId "12955728"]
[WhiteElo "2261"]
[BlackElo "2342"]
[Result "1/2-1/2"]
[Round "07"]
[TimeControl "180+2"]
[Date "2022.12.27"]
[WhiteClock "0:00:05"]
[BlackClock "0:00:07"]

1. d4 Nf6 2. Nf3 g6 3. g3 Bg7 4. Bg2 O-O 5. O-O d5 6. c4 c6 7. cxd5 cxd5 8. Nc3 Nc6 9. Ne5 e6 10. Nxc6 bxc6 11. b3 c5 12. Ba3 Nd7 13. e3 Qa5 14. Na4 Ba6 15. Re1 Rfc8 16. Bxc5 Nxc5 17. Nxc5 Rxc5 18. dxc5 Bxa1 19. Qxa1 Rc8 20. Rc1 Rxc5 21. Rxc5 Qxc5 22. h4 Bd3 23. Qb2 Qc2 24. Qxc2 Bxc2 25. b4 Kf8 26. Kf1 Ke7 27. Ke1 Kd6 28. Kd2 Bb1 29. a4 e5 30. Kc3 h6 31. Bf1 g5 32. hxg5 hxg5 33. a5 Bf5 34. Be2 Bd7 35. Bh5 Be6 36. Be2 Bd7 37. Bd3 f5 38. f4 d4+ 39. exd4 exf4 40. gxf4 g4 41. Kd2 g3 42. Ke3 Bc6 43. Bc4 Be4 44. b5 Kc7 45. d5 g2 46. Kf2 Kd6 47. b6 axb6 48. axb6 Kd7 49. Bb5+ Kc8 50. Bc6 Kb8 51. Kg1 Kc8 52. Kf2 Kb8 53. Bd7 Bxd5 54. Bxf5 Kb7 55. Bh3 Kxb6 56. Bxg2 Bf7 57. Ke3 Kc7 58. Ke4 Kd6 59. Kf5 Ke7 60. Kg5 Kf8 61. Kf6 Bc4 62. Be4 Bf7 63. Bf5 Bg8 64. Bc2 Bc4 65. Bd1 Ba2 66. Bc2 Bc4 67. Ke5 Ba2 68. Kf6 Bc4 1/2-1/2


[Site "https://www.chess.com"]

[Event "Titled Tuesday Blitz December 27 Early 2022"]
[White "Jenkins, Drake"]
[Black "Mohammadian, Mohammad"]
[WhiteFideId "2022397"]
[BlackFideId "12566055"]
[WhiteElo "2130"]
[BlackElo "1398"]
[Result "1-0"]
[Round "07"]
[TimeControl "180+2"]
[Date "2022.12.27"]
[WhiteClock "0:01:09"]
[BlackClock "0:01:01"]

1. Nf3 Nf6 2. c4 g6 3. g3 Bg7 4. Bg2 O-O 5. Nc3 d5 6. cxd5 Nxd5 7. O-O Nxc3 8. dxc3 Qxd1 9. Rxd1 Bf5 10. Nd4 Nc6 11. Nxf5 gxf5 12. Bg5 f6 13. Be3 Rad8 14. Bxc6 bxc6 15. Bxa7 e5 16. Bc5 Rfe8 17. Rxd8 Rxd8 18. a4 Ra8 19. a5 Kf7 20. f3 Ke6 21. e4 h5 22. Kf2 Bh6 23. a6 Bd2 24. Ke2 Bh6 25. a7 Bg7 26. Ra6 Kd7 27. exf5 Bh6 28. Kd3 Bc1 29. b4 Bh6 30. Ke4 Bd2 31. c4 Bc1 32. Ra1 Bd2 33. Rd1 Ke8 34. Rxd2 Kf7 35. Rd7+ Kg8 36. Rxc7 Kh8 37. Rb7 Kg8 38. Rb8+ Rxb8 39. axb8=Q+ Kf7 40. Qc7+ Ke8 41. Qe7# 1-0


[Site "https://www.chess.com"]

[Event "Titled Tuesday Blitz December 27 Early 2022"]
[White "Jimenez Almeida, Luis David"]
[Black "Bintang, Rasyid A. Hidayat"]
[WhiteFideId "22242244"]
[BlackFideId "7105355"]
[WhiteElo "2242"]
[BlackElo "1820"]
[Result "1-0"]
[Round "07"]
[TimeControl "180+2"]
[Date "2022.12.27"]
[WhiteClock "0:00:39"]
[BlackClock "0:00:51"]

1. e4 e5 2. Nf3 Nc6 3. Bb5 a6 4. Ba4 d6 5. O-O Bg4 6. h3 h5 7. d3 Qf6 8. Nbd2 g5 9. Re1 Bd7 10. Nf1 g4 11. hxg4 hxg4 12. N3h2 Qh4 13. Be3 O-O-O 14. c3 Nge7 15. Qd2 f5 16. exf5 Bxf5 17. Bxc6 Nxc6 18. Bg5 Qh5 19. Bxd8 Bh6 20. Qe2 Nxd8 21. Ng3 Qg6 22. Nxf5 Qxf5 23. Qxg4 Qxg4 24. Nxg4 Bg7 25. g3 Ne6 26. Kg2 Nc5 27. Rad1 Rg8 28. Ne3 Bf6 29. Nd5 Bd8 30. d4 Nd7 31. dxe5 Nxe5 32. f4 Nc4 33. b3 Na5 34. Ne7+ Bxe7 35. Rxe7 Nc6 36. Rh7 Nd8 37. Re1 Nc6 38. Kf3 b5 39. g4 b4 40. cxb4 Rf8 41. f5 Ne5+ 42. Rxe5 dxe5 43. Ke4 Rg8 44. f6 Rxg4+ 45. Kxe5 Rg1 46. f7 Re1+ 47. Kd4 Rd1+ 48. Ke5 Rd8 49. Rg7 Kd7 50. f8=Q+ Kc6 51. Qxd8 a5 52. Qxc7+ Kb5 53. Qxa5+ Kc6 54. b5+ Kc5 55. b6+ Kc6 56. Rg6+ Kb7 57. b4 Kb8 58. Qa7+ Kc8 59. Qc7# 1-0


[Site "https://www.chess.com"]

[Event "Titled Tuesday Blitz December 27 Early 2022"]
[White "Jimenez, Joaquin"]
[Black "Fabris, Alberto"]
[WhiteFideId "109860"]
[BlackFideId "801348"]
[WhiteElo "2195"]
[BlackElo "2230"]
[Result "1-0"]
[Round "07"]
[TimeControl "180+2"]
[Date "2022.12.27"]
[WhiteClock "0:00:30"]
[BlackClock "0:00:01"]

1. e4 c6 2. d3 d5 3. Nd2 g6 4. Ngf3 Bg7 5. g3 dxe4 6. dxe4 Nf6 7. Bg2 O-O 8. O-O Nbd7 9. Re1 Nc5 10. h3 Qc7 11. e5 Nd5 12. Nb3 Nxb3 13. axb3 a6 14. Bd2 h6 15. Qc1 Kh7 16. Bc3 Qb6 17. Ra4 c5 18. Ng5+ hxg5 19. Bxd5 Bxh3 20. Qxg5 Be6 21. Rh4+ Kg8 22. Be4 Rfd8 23. Kg2 Bd5 24. Bxd5 Rxd5 25. Reh1 Rad8 26. Qxe7 Qc6 27. f3 Qe6 28. Qxe6 fxe6 29. f4 b5 30. b4 c4 31. Kf3 Kf7 32. Ra1 Ra8 33. Ra5 Rd1 34. Rh2 Bf8 35. Rd2 Rxd2 36. Bxd2 Be7 37. Ke4 Bd8 38. Ra1 Bb6 39. Be3 Bxe3 40. Kxe3 Ke7 41. Ke4 Kd7 42. c3 Kc6 43. Rd1 Rh8 44. Rd6+ Kb7 45. Rxe6 Rh2 46. Rxg6 Rxb2 47. f5 Re2+ 48. Kd5 Rd2+ 49. Ke6 a5 50. bxa5 b4 51. cxb4 c3 52. Rg7+ Kb8 53. f6 c2 54. f7 Rf2 55. Rg8+ 1-0


[Site "https://www.chess.com"]

[Event "Titled Tuesday Blitz December 27 Early 2022"]
[White "Jobava, Baadur"]
[Black "Lenderman, Aleksandr"]
[WhiteFideId "13601520"]
[BlackFideId "2021285"]
[WhiteElo "2578"]
[BlackElo "2572"]
[Result "0-1"]
[Round "07"]
[TimeControl "180+2"]
[Date "2022.12.27"]
[WhiteClock "0:00:51"]
[BlackClock "0:00:51"]

1. b3 d5 2. Bb2 Bf5 3. d3 e6 4. Nd2 Nf6 5. g3 h6 6. Bg2 Be7 7. e4 Bh7 8. Ne2 O-O 9. O-O a5 10. a4 Na6 11. Re1 Nb4 12. e5 Nd7 13. Nf4 c5 14. h4 Nb8 15. Nf1 N8c6 16. Ne3 Rc8 17. Rc1 Re8 18. Qh5 Bf8 19. Qd1 Ne7 20. c3 Nbc6 21. c4 Nb4 22. d4 cxd4 23. Bxd4 Nec6 24. cxd5 exd5 25. Nexd5 Nxd4 26. Qxd4 Nc2 27. Rxc2 Rxc2 28. e6 Bc5 29. Qa1 Bxf2+ 30. Kh1 Bxe1 31. Nh5 Bc3 32. exf7+ Kxf7 33. Nxc3 Qd4 34. Bd5+ Kf8 35. Qf1+ Rf2 36. Qc1 Bc2 37. Nf4 Rxf4 38. Qxf4+ Qxf4 39. gxf4 Re3 40. Nb5 Be4+ 41. Bxe4 Rxe4 42. Kg2 Rxf4 43. h5 Rb4 44. Nd6 Rxb3 45. Nc4 b6 46. Kf2 Rb4 47. Ne5 Ke8 0-1


[Site "https://www.chess.com"]

[Event "Titled Tuesday Blitz December 27 Early 2022"]
[White "Kabanov, Nikolai"]
[Black "Troltenier, Dirk"]
[WhiteFideId "4127820"]
[BlackFideId "4606400"]
[WhiteElo "2429"]
[BlackElo "2234"]
[Result "1-0"]
[Round "07"]
[TimeControl "180+2"]
[Date "2022.12.27"]
[WhiteClock "0:00:12"]
[BlackClock "0:00:09"]

1. e4 e5 2. Nf3 d6 3. d4 exd4 4. Nxd4 Nf6 5. Nc3 Be7 6. Bf4 O-O 7. Qd2 d5 8. Ndb5 c6 9. Nc7 Bb4 10. O-O-O Nxe4 11. Qe3 Bc5 12. Qxe4 Qxc7 13. Bxc7 dxe4 14. Nxe4 Bb6 15. Bd6 Re8 16. f3 Nd7 17. Bc4 Nf6 18. Ng5 Be6 19. Nxe6 fxe6 20. Rhe1 Kf7 21. f4 g6 22. h3 h5 23. Be5 Rad8 24. Rxd8 Bxd8 25. Be2 Nd7 26. Bc3 Bf6 27. Ba5 Nb6 28. c4 e5 29. fxe5 Rxe5 30. Bc3 Re6 31. Rf1 Kg7 32. Rxf6 Rxf6 33. Bxf6+ Kxf6 34. Kd2 Ke5 35. Ke3 Nd7 36. h4 Nf6 37. Bd3 Ng4+ 38. Kf3 Kf6 39. Kf4 Ne5 40. Be2 Nf7 41. c5 b6 42. cxb6 axb6 43. a4 c5 44. Ke4 Ke6 45. Bc4+ Kf6 46. Bxf7 Kxf7 47. Kd5 g5 48. hxg5 Kg6 49. Kc6 Kxg5 50. Kxb6 Kg4 51. a5 Kg3 52. a6 Kxg2 53. a7 h4 54. a8=Q+ 1-0


[Site "https://www.chess.com"]

[Event "Titled Tuesday Blitz December 27 Early 2022"]
[White "Kamsky, Gata"]
[Black "Cardoso Cardoso, Jose Gabriel"]
[WhiteFideId "2000024"]
[BlackFideId "4430492"]
[WhiteElo "2665"]
[BlackElo "2492"]
[Result "1-0"]
[Round "07"]
[TimeControl "180+2"]
[Date "2022.12.27"]
[WhiteClock "0:00:24"]
[BlackClock "0:00:03"]

1. d4 g6 2. e4 Bg7 3. c3 d6 4. Nf3 Nf6 5. Bd3 Nc6 6. O-O O-O 7. h3 e5 8. Re1 a5 9. a4 Nh5 10. dxe5 dxe5 11. Bc4 Nf4 12. Qxd8 Rxd8 13. Bxf4 exf4 14. e5 Bf5 15. Na3 Bd3 16. e6 Bxc4 17. Nxc4 Rd5 18. exf7+ Kxf7 19. h4 h6 20. Kh2 Bf6 21. Kh3 Rad8 22. Kg4 Rf5 23. Re4 h5+ 24. Kh3 Rd3 25. Rae1 Rd8 26. Kh2 b6 27. R1e2 Rdd5 28. Rd2 Ne7 29. Rxd5 Nxd5 30. Kg1 Ne7 31. Kf1 Nc6 32. Ke2 g5 33. hxg5 Bxg5 34. Nce5+ Nxe5 35. Nxe5+ Kg7 36. Nf3 Bf6 37. Rc4 c5 38. Re4 Kf7 39. Kd3 h4 40. Kc4 Bd8 41. Kb5 Rf6 42. Ne5+ Kg7 43. Nd3 f3 44. Rxh4 fxg2 45. Rg4+ Rg6 46. Rxg6+ Kxg6 47. Nf4+ Kf5 48. Nxg2 Ke4 49. Ne3 Kd3 50. Nc4 Kc2 51. f4 Kb3 52. f5 Bf6 53. Nxb6 Kxb2 54. c4 Be7 55. Kxa5 Kc3 56. Kb5 1-0


[Site "https://www.chess.com"]

[Event "Titled Tuesday Blitz December 27 Early 2022"]
[White "Kleiman, Jake"]
[Black "Ankerst, Mihael"]
[WhiteFideId "2020041"]
[BlackFideId "14602369"]
[WhiteElo "2399"]
[BlackElo "2370"]
[Result "1-0"]
[Round "07"]
[TimeControl "180+2"]
[Date "2022.12.27"]
[WhiteClock "0:01:36"]
[BlackClock "0:01:14"]

1. Nf3 Nf6 2. g3 g6 3. Bg2 Bg7 4. O-O O-O 5. d3 d6 6. e4 e5 7. a4 a5 8. Nbd2 Nbd7 9. Nc4 Nc5 10. Bd2 Be6 11. Nxa5 c6 12. b4 Na6 13. Nxb7 Qc7 14. Na5 c5 15. b5 Nb4 16. Bxb4 cxb4 17. Nc6 d5 18. Nfxe5 dxe4 19. dxe4 Nd7 20. Nd3 Bxa1 21. Qxa1 Bc4 22. Ne7# 1-0


[Site "https://www.chess.com"]

[Event "Titled Tuesday Blitz December 27 Early 2022"]
[White "Korchmar, Vasiliy"]
[Black "Postnikov, Artem"]
[WhiteFideId "24131750"]
[BlackFideId "34153575"]
[WhiteElo "2438"]
[BlackElo "2197"]
[Result "1-0"]
[Round "07"]
[TimeControl "180+2"]
[Date "2022.12.27"]
[WhiteClock "0:02:16"]
[BlackClock "0:00:03"]

1. e4 c6 2. d4 d5 3. e5 Bf5 4. c4 e6 5. Nc3 Ne7 6. a3 Nd7 7. cxd5 Nxd5 8. Nxd5 cxd5 9. Bd3 Bxd3 10. Qxd3 Qa5+ 11. Bd2 Qb6 12. Bc3 Be7 13. Ne2 Qa6 14. Qd2 O-O 15. O-O Rfc8 16. f4 f5 17. exf6 Nxf6 18. Ng3 Bf8 19. Rae1 Rc6 20. Re5 b5 21. Rfe1 Rac8 22. h3 Qb7 23. Rxe6 Rxe6 24. Rxe6 Qd7 25. Qe3 Ne4 26. f5 Nxc3 27. bxc3 Bxa3 28. Nh5 Bf8 29. f6 Kf7 30. fxg7 Bxg7 31. Nxg7 Kg8 32. Nf5 Rf8 33. Qg5+ Kh8 34. Re7 1-0


[Site "https://www.chess.com"]

[Event "Titled Tuesday Blitz December 27 Early 2022"]
[White "Koridze, Lile"]
[Black "Magallanes, Rey Jomar"]
[WhiteFideId "13612514"]
[BlackFideId "5205948"]
[WhiteElo "2191"]
[BlackElo "2052"]
[Result "0-1"]
[Round "07"]
[TimeControl "180+2"]
[Date "2022.12.27"]
[WhiteClock "0:01:17"]
[BlackClock "0:00:49"]

1. d4 d5 2. c4 e6 3. Nf3 Nf6 4. g3 Be7 5. Bg2 O-O 6. O-O c6 7. Nbd2 Nbd7 8. Qc2 b6 9. e4 Bb7 10. b3 dxe4 11. Nxe4 c5 12. Nxf6+ Nxf6 13. Bb2 cxd4 14. Nxd4 Bxg2 15. Kxg2 Bc5 16. Rad1 Qc8 17. Nf3 Be7 18. Rfe1 Rd8 19. Ne5 Qb7+ 20. Kg1 h6 21. Qc3 a5 22. Qe3 Rxd1 23. Rxd1 Rd8 24. Rxd8+ Bxd8 25. c5 bxc5 26. Qxc5 Qe4 27. Qa7 Qb1+ 28. Kg2 Qe4+ 29. Kh3 Qf5+ 30. g4 Nxg4 31. Qxf7+ Qxf7 32. Nxf7 Nxf2+ 33. Kg2 Kxf7 34. Kxf2 Bc7 35. h3 g6 36. Kf3 h5 37. Ke4 Ke7 38. Bc1 Kd6 39. Bf4+ Kd7 40. Bd2 Bb6 41. Bf4 Bc7 42. Bd2 Kc6 43. Bc3 g5 44. Bd2 g4 45. hxg4 hxg4 46. Be1 Kc5 47. a3 Kb5 48. Bh4 Bd6 49. Be1 Bxa3 50. Kf4 Bb4 51. Kxg4 Bxe1 0-1


[Site "https://www.chess.com"]

[Event "Titled Tuesday Blitz December 27 Early 2022"]
[White "Koutlas, Nikolaos"]
[Black "Osinovsky, Stepan"]
[WhiteFideId "25827138"]
[BlackFideId "4157354"]
[WhiteElo "2341"]
[BlackElo "2241"]
[Result "1-0"]
[Round "07"]
[TimeControl "180+2"]
[Date "2022.12.27"]
[WhiteClock "0:00:54"]
[BlackClock "0:00:03"]

1. Nf3 Nf6 2. h4 g6 3. b3 Bg7 4. Bb2 O-O 5. c4 d6 6. Nc3 e5 7. Qc2 Nc6 8. e3 Bf5 9. Qd1 e4 10. Ng5 Re8 11. c5 dxc5 12. Bc4 Ne5 13. Ncxe4 Nxe4 14. Bxe5 Bxe5 15. Nxf7 Qxd2+ 16. Qxd2 Nxd2 17. Nxe5+ Nxc4 18. Nxc4 a5 19. O-O-O b5 20. Nd2 a4 21. Kb2 Kf7 22. e4 Bxe4 23. Nxe4 Rxe4 24. Rd7+ Re7 25. Rxe7+ Kxe7 26. Rd1 a3+ 27. Kc3 Rd8 28. Re1+ Kf6 29. Re2 Rd4 30. g3 b4+ 31. Kc2 c4 32. bxc4 Rxc4+ 33. Kb3 Rd4 34. Rc2 1-0


[Site "https://www.chess.com"]

[Event "Titled Tuesday Blitz December 27 Early 2022"]
[White "Kovacevic, Radmila"]
[Black "Mills, Morgen"]
[WhiteFideId "933171"]
[BlackFideId "2013304"]
[WhiteElo "2106"]
[BlackElo "2009"]
[Result "0-1"]
[Round "07"]
[TimeControl "180+2"]
[Date "2022.12.27"]
[WhiteClock "0:00:18"]
[BlackClock "0:00:08"]

1. e4 e5 2. d4 exd4 3. Qxd4 Nc6 4. Qe3 Bb4+ 5. c3 Ba5 6. Qg3 Qf6 7. Bc4 Qg6 8. f3 d6 9. Ne2 Nf6 10. Qxg6 hxg6 11. Nf4 Ne5 12. Be2 Bb6 13. Na3 Bd7 14. Nc4 Nxc4 15. Bxc4 Nh5 16. Nxh5 Rxh5 17. Bf4 f6 18. O-O-O O-O-O 19. Bf7 Be8 20. Be6+ Bd7 21. Bb3 g5 22. Bd2 Rdh8 23. h3 g4 24. fxg4 Bxg4 25. Rde1 Bd7 26. Rhf1 Re5 27. Bf4 Re7 28. Kd2 Rhe8 29. Kd3 Bc5 30. Bc2 a5 31. Re2 Bb5+ 32. c4 Bc6 33. Rfe1 Bb4 34. Bd2 Bxd2 35. Kxd2 Re5 36. g4 Rh8 37. Re3 g6 38. Rf1 Rf8 39. Kd3 Kd7 40. Kd4 Ke7 41. a3 b6 42. b4 axb4 43. axb4 Ra8 44. b5 Bb7 45. Ref3 Re6 46. g5 Ra2 47. gxf6+ Kf7 48. Bd3 Ra3 49. Re1 Rxf6 50. Rxf6+ Kxf6 51. e5+ dxe5+ 52. Rxe5 Rxd3+ 53. Kxd3 Kxe5 54. Ke3 Kf5 55. Kd4 Bg2 56. c5 Bxh3 57. cxb6 cxb6 58. Kd5 Bf1 59. Kc6 Bxb5+ 60. Kxb5 g5 61. Kxb6 g4 62. Kc5 Ke4 63. Kd6 g3 64. Ke6 g2 65. Kf6 g1=Q 66. Kf7 Qb6 67. Ke7 Ke5 68. Kd7 Qb7+ 0-1


[Site "https://www.chess.com"]

[Event "Titled Tuesday Blitz December 27 Early 2022"]
[White "Larina, Maria"]
[Black "Da Silva Junior, Sediney Mari"]
[WhiteFideId "24113182"]
[BlackFideId "2132079"]
[WhiteElo "1948"]
[BlackElo "2010"]
[Result "0-1"]
[Round "07"]
[TimeControl "180+2"]
[Date "2022.12.27"]
[WhiteClock "0:00:01"]
[BlackClock "0:00:13"]

1. e4 e6 2. d4 d5 3. Nc3 Bb4 4. exd5 exd5 5. Bd3 Ne7 6. Ne2 Nbc6 7. a3 Bd6 8. O-O Bg4 9. f3 Bh5 10. Nb5 a6 11. Nxd6+ Qxd6 12. Bf4 Qd7 13. Ng3 Bg6 14. c3 Bxd3 15. Qxd3 O-O-O 16. b4 f6 17. a4 g5 18. Bd2 h5 19. Ne2 Rdg8 20. b5 Nb8 21. c4 dxc4 22. Qxc4 g4 23. f4 Nf5 24. Rfc1 Rg7 25. d5 Nd6 26. Qd4 Re8 27. Nc3 Rge7 28. bxa6 Nxa6 29. Rab1 Ne4 30. Be1 Nxc3 31. Bxc3 Re4 32. Qa7 Qxd5 33. Ba5 R8e7 34. Qa8+ Nb8 35. Bb6 Qd2 36. h3 Re1+ 0-1


[Site "https://www.chess.com"]

[Event "Titled Tuesday Blitz December 27 Early 2022"]
[White "Levitan, Caleb Levi"]
[Black "Clawitter, Craig"]
[WhiteFideId "14332620"]
[BlackFideId "2023105"]
[WhiteElo "2129"]
[BlackElo "2050"]
[Result "0-1"]
[Round "07"]
[TimeControl "180+2"]
[Date "2022.12.27"]
[WhiteClock "0:00:14"]
[BlackClock "0:00:10"]

1. e4 e6 2. d4 d5 3. Nc3 Bb4 4. e5 c5 5. Bd2 Nh6 6. Bxh6 gxh6 7. a3 Ba5 8. Bb5+ Bd7 9. Bxd7+ Nxd7 10. f4 Qb6 11. Rb1 cxd4 12. b4 dxc3 13. bxa5 Qe3+ 14. Ne2 Rg8 15. Qd4 Qxd4 16. Nxd4 Rxg2 17. Nb5 Ke7 18. Nd6 Rxc2 19. Kd1 Rd2+ 20. Ke1 b6 21. a6 Rg8 22. Rc1 Rgg2 23. Rxc3 Rge2+ 24. Kf1 Rf2+ 25. Ke1 Ra2 26. Rc1 Nc5 27. Nc8+ Kd7 28. Nxb6+ axb6 29. Rxc5 bxc5 30. a7 Rxa3 31. Kxf2 Rxa7 32. Rc1 Kc6 33. f5 d4 34. Kf3 Ra3+ 35. Ke4 Re3+ 36. Kf4 Kd5 37. fxe6 fxe6 38. h4 Rxe5 39. Ra1 Rf5+ 40. Kg3 c4 41. Ra5+ Ke4 42. Ra6 e5 43. Ra4 c3 44. Ra1 c2 45. Re1+ Kd3 46. Ra1 Kd2 47. Kg4 Rf2 48. Kh5 c1=Q 49. Rxc1 Kxc1 50. Kxh6 e4 51. Kxh7 e3 52. h5 e2 53. h6 e1=Q 54. Kh8 Qe8+ 55. Kg7 Rf7+ 56. Kg6 Qe6+ 57. Kg5 Rf5+ 58. Kg4 Qe4+ 59. Kg3 Rf3+ 60. Kg2 Qe2+ 61. Kg1 Rf1# 0-1


[Site "https://www.chess.com"]

[Event "Titled Tuesday Blitz December 27 Early 2022"]
[White "Lewtak, Damian"]
[Black "Mahdavi, Reza"]
[WhiteFideId "1141724"]
[BlackFideId "12595926"]
[WhiteElo "2381"]
[BlackElo "2339"]
[Result "0-1"]
[Round "07"]
[TimeControl "180+2"]
[Date "2022.12.27"]
[WhiteClock "0:00:18"]
[BlackClock "0:00:21"]

1. e4 c5 2. Nf3 e6 3. d4 cxd4 4. Nxd4 Nc6 5. Nc3 Qc7 6. Be3 a6 7. g4 b5 8. Nxc6 Qxc6 9. Bg2 Bb7 10. a3 Rc8 11. Qd4 Nf6 12. h3 Bc5 13. Qxc5 Qxc5 14. Bxc5 Rxc5 15. O-O-O Ke7 16. Rhe1 Rhc8 17. f3 d5 18. e5 Nd7 19. Rd2 d4 20. Rxd4 Nxe5 21. f4 Bxg2 22. fxe5 Rc4 23. Rxc4 Rxc4 24. Re3 h5 25. Rg3 Bc6 26. gxh5 Kf8 27. Rg4 Rc5 28. Rg5 f6 29. h6 gxh6 30. Rg6 Rxe5 31. Rxf6+ Kg7 32. Rf4 Re3 33. h4 e5 34. Rg4+ Kf6 35. Kd2 Rh3 36. Nd1 Kf5 37. Rg7 Rh2+ 38. Kc1 Be4 39. Rc7 Kf4 40. b4 Bf5 41. Nb2 Rxh4 42. c4 Rh1+ 43. Kd2 Rh2+ 44. Kc3 Rc2+ 45. Kb3 bxc4+ 46. Nxc4 Rc1 47. Kb2 Rc2+ 48. Kb3 h5 49. Rf7 Rf2 50. Nd6 Kg5 51. Nxf5 Rxf5 52. Rg7+ Kf4 53. Rg1 h4 54. a4 h3 55. b5 axb5 56. axb5 h2 57. Rh1 Kg3 58. Kc4 Kg2 59. Rb1 h1=Q 60. Rxh1 Kxh1 61. b6 e4 62. b7 Rf8 63. Kd5 Rb8 0-1


[Site "https://www.chess.com"]

[Event "Titled Tuesday Blitz December 27 Early 2022"]
[White "Liyanage, Ranindu Dilshan"]
[Black "Forgacs, Attila Jr."]
[WhiteFideId "9915834"]
[BlackFideId "773654"]
[WhiteElo "2342"]
[BlackElo "2264"]
[Result "1-0"]
[Round "07"]
[TimeControl "180+2"]
[Date "2022.12.27"]
[WhiteClock "0:00:43"]
[BlackClock "0:00:07"]

1. e4 e5 2. Nc3 Nf6 3. Nf3 Nc6 4. Bb5 Bd6 5. d3 O-O 6. a3 Re8 7. Bc4 Bf8 8. Bg5 h6 9. Bh4 g5 10. Nxg5 hxg5 11. Bxg5 Bg7 12. h4 d6 13. h5 Be6 14. h6 Bh8 15. h7+ Kf8 16. Qd2 Bxc4 17. dxc4 Nd4 18. Nd5 Re6 19. c3 Nb3 20. Bh6+ Ke8 21. Qg5 Nxd5 22. Qg8+ Kd7 23. cxd5 Rf6 24. Qg4+ Ke7 25. Rd1 Rg6 26. Qf5 Qd7 27. Qf3 Nc5 28. b4 Na4 29. Rh4 Nb6 30. g3 a5 31. Kf1 axb4 32. axb4 Ra2 33. Kg2 Ke8 34. Rh5 Rf6 35. Qe3 Rfxf2+ 36. Qxf2 Rxf2+ 37. Kxf2 Nc4 38. Rg5 Bf6 39. Rg8+ Ke7 40. Bf8+ Ke8 41. Bg7+ Ke7 42. Bxf6+ Kxf6 43. h8=Q+ Ke7 44. Qh4+ f6 45. Qh7# 1-0


[Site "https://www.chess.com"]

[Event "Titled Tuesday Blitz December 27 Early 2022"]
[White "Lorenzo De La Riva, Lazaro"]
[Black "Martic, Ivan"]
[WhiteFideId "2268809"]
[BlackFideId "929301"]
[WhiteElo "2404"]
[BlackElo "2301"]
[Result "1-0"]
[Round "07"]
[TimeControl "180+2"]
[Date "2022.12.27"]
[WhiteClock "0:00:19"]
[BlackClock "0:00:11"]

1. b3 d5 2. Bb2 Bf5 3. Nf3 e6 4. g3 Nf6 5. d3 h6 6. Nbd2 c6 7. Bg2 Be7 8. O-O O-O 9. c4 a5 10. a3 Bh7 11. Qb1 Nbd7 12. b4 axb4 13. axb4 Rxa1 14. Bxa1 Qb6 15. c5 Qc7 16. e4 dxe4 17. dxe4 b6 18. cxb6 Qxb6 19. Bc3 Rb8 20. Qc2 Bxb4 21. Rb1 c5 22. Ne5 Nxe5 23. Bxe5 Rd8 24. Nc4 Qa6 25. Bxf6 gxf6 26. Bf1 Rd4 27. f3 Qa7 28. Rd1 f5 29. e5 f4 30. Qc1 Qd7 31. Nd6 Rxd1 32. Qxd1 fxg3 33. hxg3 Bc3 34. f4 Bd4+ 35. Kh2 Qa7 36. Qg4+ Kf8 37. Qh5 Qa2+ 38. Kh3 Qf2 39. Qxf7# 1-0


[Site "https://www.chess.com"]